 Dungeon Crawl Stone Soup version 0.23-a0-489-g205b0b61ae (webtiles) character file.

6174 GoingDown the Brawler (level 10, 0/91 HPs)
             Began as a Troll Monk on Dec 1, 2018.
             Slain by a yak (7 damage)
             ... on level 9 of the Dungeon on Dec 2, 2018.
             The game lasted 00:24:34 (7491 turns).

GoingDown the Brawler (Troll Monk)                  Turns: 7491, Time: 00:24:34

Health: 0/91       AC:  7    Str: 24    XL:     10   Next: 60%
Magic:  0/9        EV: 10    Int:  6    God:
Gold:   753        SH:  0    Dex: 12    Spells: 9/9 levels left

rFire    . . .     SeeInvis +     - Unarmed
rCold    . . .     Gourm    +   (no shield)
rNeg     . . .     Faith    .   x - +2 robe {MR+}
rPois    .         Spirit   +   (helmet restricted)
rElec    .         Reflect  .   j - scarf {repulsion}
rCorr    .         Harm     .   (gloves unavailable)
MR       +....                  (boots unavailable)
Stlth    ++........             y - amulet of guardian spirit
HPRegen  0.65/turn              v - ring of see invisible
MPRegen  0.11/turn              (no ring)

@: repel missiles
A: large, unfitting armour, claws 3, fast metabolism 3, gourmand, regeneration
1, shaggy fur 1, tough skin 2
a: no special abilities


You were on level 9 of the Dungeon.
You were full.

You visited 2 branches of the dungeon, and saw 11 of its levels.
You also visited: Ossuary.

You collected 753 gold pieces.

Inventory:

Hand Weapons
 s - a +0 giant club
 w - a +0 great mace
 K - a +1 hand axe of flaming
Missiles
 J - 3 large rocks (quivered)
Armour
 j - a scarf of repulsion (worn)
 x - a +2 robe of magic resistance (worn)
 D - a +0 cloak
Jewellery
 v - a ring of see invisible (left claw)
 y - an amulet of guardian spirit (around neck)
 M - an uncursed ring of ice {unknown}
Wands
 n - a wand of random effects (22)
 u - a wand of scattershot (8)
 E - a wand of paralysis (9)
Scrolls
 c - 3 scrolls of immolation {unknown}
 d - 4 scrolls of amnesia {unknown}
 e - 7 scrolls of identify
 i - 4 scrolls of enchant weapon {unknown}
 m - 8 scrolls of remove curse
 p - 2 scrolls of blinking {unknown}
 r - 6 scrolls of magic mapping {unknown}
 z - 4 scrolls of teleportation {unknown}
 C - 4 scrolls of enchant armour {unknown}
 G - 2 scrolls of fear {unknown}
 H - a scroll of random uselessness {unknown}
Potions
 a - a potion of might {unknown}
 f - a potion of resistance {unknown}
 g - 6 potions of flight {unknown}
 h - 3 potions of haste {unknown}
 k - 3 potions of brilliance {unknown}
 l - 4 potions of agility {unknown}
 o - 4 potions of invisibility {unknown}
 q - 5 potions of heal wounds {unknown}
 t - 2 potions of lignification {unknown}
 A - 3 potions of magic {unknown}
 B - 3 potions of mutation {unknown}
 F - a potion of cancellation {unknown}
 I - a potion of curing {unknown}
 L - a potion of degeneration {unknown}
Comestibles
 b - 22 rations


   Skills:
 * Level 3.2 Fighting
 - Level 2.4 Dodging
 - Level 1.0 Stealth
 * Level 15.2 Unarmed Combat


You had 9 spell levels left.
You didn't know any spells.
Your spell library contained the following spells:

 Spells                   Type           Power        Failure   Level  Hunger
 Confusing Touch          Hex            #.....       45%         1    ##.....
 Confuse                  Hex            #.......     83%         3    ####...
 Gell's Gravitas          Tloc           #.........   83%         3    ####...
 Petrify                  Tmut/Erth      #.......     99%         4    #####..
 Metabolic Englaciation   Hex/Ice        #.........   100%        5    ######.
 Yara's Violent Unravell  Hex/Tmut       #.........   100%        5    ######.


Dungeon Overview and Level Annotations

Branches:
Dungeon (10/15)            Temple (1/1) D:6            Lair (0/6) D:8
    Orc: D:9-12

Altars:
Ashenzari
Cheibriados
Dithmenos
Elyvilon
Fedhas
Gozag
Hepliaklqana
Kikubaaqudgha
Makhleb
Nemelex Xobeh
Okawaru
Qazlal
Ru
Sif Muna
Trog
Uskayaw
Vehumet
Wu Jian
Xom
Yredelemnul
Zin
The Shining One

Shops:
D:4 [


Innate Abilities, Weirdness & Mutations

You are too large for most types of armour.
You have claws for hands.
Your metabolism is lightning-fast.
You like to eat raw meat.
Your natural rate of healing is unusually fast.
You are covered in fur. (AC +1)
You have very tough skin. (AC +2)


Message History

The yak gores you! x2; The yak gores you.
You climb upwards.
There is a stone staircase leading down here.
You claw the yak!
The yak is moderately wounded.
The yak gores you but does no damage. The yak gores you.
You mangle the yak!!
The yak is almost dead.
The yak gores you!
* * * LOW HITPOINT WARNING * * *
The yak gores you.
* * * LOW HITPOINT WARNING * * *
The yak gores you!
* * * LOW HITPOINT WARNING * * *
As you read the scroll labeled POEM JUKUW, it crumbles to dust.
It is a scroll of identify.
m - 8 scrolls of remove curse The yak closely misses you.
The yak gores you but does no damage. The yak gores you!
You die...

..≈≈≈≈≈≈..≈≈≈≈≈≈≈≈≈≈≈≈≈.........#
...≈≈≈≈≈≈≈≈≈≈≈≈≈≈≈.≈≈≈≈####...###
...≈.≈≈≈≈≈≈≈.≈.≈≈≈≈≈≈≈≈# #...#
....≈≈≈≈..≈...≈...#≈≈≈≈# #...#
.......'...'..+#'###≈≈≈# #...#
.......#...###.#)# ##≈≈# #...#
.##....#...# #...# ##≈# #...#
≈≈..≈..#...# #.YY# ≈≈# #...#
.≈≈....#.#####.Y@# # #####
≈≈.♣≈.≈#....##.#Y#
≈≈♣≈♣≈..≈...##.#.#
.♣..≈≈.≈≈...##.#[#
≈.≈#≈≈≈.≈...##.#.#
≈≈.♣≈..≈≈...##.#.#
≈...≈.♣≈≈...##.#)##########
..≈......)..##.#))........#
.......≈....##.#..........#


You could see 4 yaks.

Vanquished Creatures
  Harold (D:7)
  Erolcha (D:9)
  A cyclops (D:8)
  Prince Ribbit (D:8)
  2 hippogriffs
  A sky beast (D:6)
  2 ice beasts
  A black bear (D:9)
  2 phantoms
  3 ogres
  5 centaurs
  A big kobold (D:7)
  2 bullfrogs
  3 elf skeletons (D:8)
  A wyvern skeleton (D:8)
  9 scorpions
  3 killer bees (D:9)
  4 howler monkeys
  4 crimson imps
  3 human zombies (Ossuary)
  2 centaur zombies (Ossuary)
  4 jellies
  5 orc priests
  A hound (D:6)
  10 orc wizards
  Crazy Yiuf (D:7)
  A human skeleton (D:8)
  2 iguanas
  5 worker ants
  A big kobold zombie (Ossuary)
  3 mummies (Ossuary)
  14 adders
  3 gnolls (D:5)
  5 scorpion zombies (Ossuary)
  A shadow imp (D:8)
  5 oozes (D:8)
  An adder zombie (D:8)
  2 dart slugs
  5 leopard geckos
  30 orcs
  A ball python (D:2)
  10 bats
  3 giant cockroaches
  A gnoll zombie (Ossuary)
  7 goblins
  13 hobgoblins
  16 jackals
  11 kobolds
  7 quokkas
  6 frilled lizards
  2 goblin zombies (Ossuary)
  3 hobgoblin zombies (Ossuary)
  A jackal skeleton (D:4)
  2 kobold zombies (Ossuary)
  A leopard gecko skeleton (D:6)
  A leopard gecko zombie (D:8)
  2 orc skeletons (D:8)
  2 orc zombies (Ossuary)
  A quokka zombie (D:5)
  13 rats
254 creatures vanquished.

Notes
Turn   | Place    | Note
-------+----------+-------------------------------------------
     0 | D:1      | GoingDown the Troll Monk began the quest for the Orb.
     0 | D:1      | Reached XP level 1. HP: 22/22 MP: 0/0
    50 | D:1      | Reached XP level 2. HP: 26/29 MP: 1/1
   173 | D:1      | Reached skill level 4 in Unarmed Combat
   337 | D:1      | Reached XP level 3. HP: 34/36 MP: 2/2
  1131 | D:2      | Reached XP level 4. HP: 38/44 MP: 3/3
  1235 | D:2      | Reached skill level 5 in Unarmed Combat
  1518 | D:2      | Found a glowing golden altar of the Shining One.
  2218 | D:4      | Noticed an ogre
  2226 | D:4      | Killed an ogre
  2226 | D:4      | Reached skill level 6 in Unarmed Combat
  2226 | D:4      | Reached XP level 5. HP: 28/50 MP: 4/4
  2319 | D:4      | Found a white marble altar of Elyvilon.
  2470 | D:4      | Reached XP level 6. HP: 57/59 MP: 5/5
  2557 | D:4      | Reached skill level 7 in Unarmed Combat
  2567 | D:4      | Upgraded the game from 0.23-a0-487-gc6253629db to
                  | 0.23-a0-489-g205b0b61ae
  2732 | D:4      | Reached skill level 8 in Unarmed Combat
  2732 | D:4      | Reached XP level 7. HP: 51/66 MP: 4/6
  2845 | D:4      | Found Fulah's Armour Shop.
  3153 | D:5      | Entered Level 5 of the Dungeon
  3368 | D:5      | Reached skill level 9 in Unarmed Combat
  3797 | D:6      | Reached XP level 8. HP: 68/74 MP: 5/7
  4153 | D:6      | Reached skill level 10 in Unarmed Combat
  4290 | D:6      | Found a staircase to the Ecumenical Temple.
  4296 | Temple   | Entered the Ecumenical Temple
  4968 | D:7      | Noticed Harold
  4973 | D:7      | Reached skill level 11 in Unarmed Combat
  4990 | D:7      | Killed Harold
  4990 | D:7      | Reached skill level 12 in Unarmed Combat
  4990 | D:7      | Reached XP level 9. HP: 56/80 MP: 6/8
  5199 | D:7      | Found a hide-covered altar of Uskayaw.
  5243 | D:7      | Found a hazy altar of Hepliaklqana.
  5374 | D:7      | Found a runed door.
  5378 | D:7      | Noticed Crazy Yiuf
  5380 | D:7      | Killed Crazy Yiuf
  5460 | D:8      | Found a staircase to the Lair.
  5470 | D:8      | Noticed Prince Ribbit
  5477 | D:8      | Reached skill level 13 in Unarmed Combat
  5486 | D:8      | Killed Prince Ribbit
  5553 | D:8      | Noticed a cyclops
  5562 | D:8      | Killed a cyclops
  5722 | D:8      | Reached skill level 14 in Unarmed Combat
  5791 | D:8      | Reached XP level 10. HP: 67/88 MP: 6/9
  5828 | D:8      | Found a blossoming altar of Fedhas.
  5855 | D:8      | Found a radiant altar of Vehumet.
  5855 | D:8      | Found a deep blue altar of Sif Muna.
  5883 | D:8      | Found a glowing silver altar of Zin.
  6138 | D:8      | Found a sand-covered staircase.
  6144 | Ossuary  | Entered an ossuary
  6662 | D:9      | Noticed Erolcha
  6667 | D:9      | Killed Erolcha
  6667 | D:9      | Reached skill level 15 in Unarmed Combat
  6829 | D:9      | Found an ancient bone altar of Kikubaaqudgha.
  7482 | D:10     | Entered Level 10 of the Dungeon
  7491 | D:9      | Slain by a yak

Vault maps used:
D:1:      lightli_arrival_quake
D:2:      first_ration, lemuel_statue_altar
D:4:      elyvilon_altar_5, serial_shops, nicolae_shop_stone
D:5:      nrook_campfire
D:6:      minmay_temple_entry_enclosed_plants
D:7:      eat_drink_and_be_merry_uskayaw, lemuel_crystal_altar, uniq_harold,
          uniq_crazy_yiuf_cottage
D:8:      gammafunk_temple_overflow_wave, zin_treasury, lair_entry_dummy,
          basic_altar, nicolae_ossuary_entry_catacombs,
          hangedman_little_slice_of_home, uniq_prince_ribbit1
D:9:      serial_rivers, chequers_serial_rivers_large_a,
          chequers_serial_rivers_marsh, chequers_serial_rivers_room_a,
          chequers_serial_rivers_micro_b, basic_altar, uniq_erolcha
D:10:     basic_altar
Temple:   compressed_dpeg_circular_temple
Ossuary:  ossuary_minmay_scorpions

Skill      XL: |  1  2  3  4  5  6  7  8  9 10 |
---------------+-------------------------------+-----
Unarmed Combat | 4 6 8 9 12 14 15 | 15.2
Fighting       | 3 |  3.2
Dodging        | |  2.4
Stealth        | |  1.0

Action                   |  1- 3 |  4- 6 |  7- 9 | 10-12 || total
-------------------------+-------+-------+-------+-------++-------
Melee: Unarmed           |    95 |   147 |   255 |   176 ||   673
       Punch             |     2 |     4 |    15 |    13 ||    34
  Use: Scroll            |       |       |       |     1 ||     1
 Stab: Sleeping          |     1 |     4 |       |     3 ||     8
       Distracted        |       |     1 |       |       ||     1
  Eat: Chunk             |    15 |    16 |    27 |    12 ||    70
Armor: Robe              |    27 |    57 |    53 |    28 ||   165
Dodge: Dodged            |    49 |    69 |    90 |    56 ||   264
       Deflected         |       |     1 |    12 |     3 ||    16

Table legend:
 A = Non-vault XP
 B = Vault XP
 C = Vault XP percentage of total XP
 D = Non-vault monster count
 E = Vault monster count
 F = Vault count percentage of total count
                 A         B        C        D         E       F
            +---------+---------+-------+---------+---------+-------
      Total |    5223 |    3597 |  40.8 |     205 |      49 |  19.3
            +---------+---------+-------+---------+---------+-------
        D:1 |      52 |       0 |   0.0 |      29 |       0 |   0.0
        D:2 |      60 |       0 |   0.0 |      24 |       0 |   0.0
        D:3 |      70 |       0 |   0.0 |      26 |       0 |   0.0
        D:4 |     636 |       0 |   0.0 |      25 |       0 |   0.0
        D:5 |     588 |       0 |   0.0 |      25 |       0 |   0.0
        D:6 |     351 |       0 |   0.0 |      10 |       0 |   0.0
        D:7 |    1183 |    1046 |  46.9 |      31 |       2 |   6.1
        D:8 |    1429 |     709 |  33.2 |      18 |      15 |  45.5
        D:9 |     854 |     973 |  53.3 |      17 |       1 |   5.6
    Ossuary |       0 |     869 | 100.0 |       0 |      31 | 100.0
            +---------+---------+-------+---------+---------+-------
